 Dungeon Crawl Stone Soup version 0.23-a0-169-gb21e695 (webtiles) character file.

51 Amnesiac the Chiller (level 3, 0/24 HPs)
             Began as a Mummy Ice Elementalist on Sept 11, 2018.
             Slain by an orc wizard
             ... wielding a +0 dagger
              (3 damage)
             ... on level 3 of the Dungeon.
             The game lasted 00:02:53 (671 turns).

Amnesiac the Chiller (Mummy Ice Elementalist)        Turns: 671, Time: 00:02:54

Health: 0/24       AC:  2    Str: 11    XL:     3   Next: 57%
Magic:  1/7        EV: 12    Int: 15    God:
Gold:   50         SH:  0    Dex: 12    Spells: 4/8 levels left

rFire    x . .     SeeInvis .   d - +1 spear (venom)
rCold    + . .     Gourm    .   (no shield)
rNeg     + + +     Faith    .   a - +0 robe
rPois    ∞         Spirit   .   (no helmet)
rElec    .         Reflect  .   (no cloak)
rCorr    .         Harm     .   (no gloves)
MR       .....                  (no boots)
Stlth    ++........             (no amulet)
HPRegen  0.08/turn              (no ring)
MPRegen  0.10/turn              (no ring)

@: no status effects
A: no food or potions, fire vulnerability, cold resistance 1, negative energy
resistance 3, torment resistance, unbreathing
a: no special abilities


You were on level 3 of the Dungeon.
You were not hungry.

You visited 1 branch of the dungeon, and saw 3 of its levels.

You collected 50 gold pieces.

Inventory:

Hand Weapons
 d - a +1 spear of venom (weapon)
Armour
 a - a +0 robe (worn)
Scrolls
 b - a scroll of fear {!r, unknown}
 c - a scroll of remove curse {!r}


   Skills:
 - Level 1.5 Dodging
 - Level 1.5 Stealth
 + Level 3.4 Spellcasting
   Level 0.7 Conjurations
 * Level 3.5 Ice Magic


You had 4 spell levels left.
You knew the following spells:

 Your Spells              Type           Power        Failure   Level  Hunger
a - Freeze                Ice            ##..         4%          1    N/A
z - Ozocubu's Armour      Chrm/Ice       #.......     28%         3    N/A

Your spell library contained the following spells:

 Spells                   Type           Power        Failure   Level  Hunger
 Throw Frost              Conj/Ice       #.....       12%         2    N/A
 Throw Icicle             Conj/Ice       #.......     63%         4    N/A
 Summon Ice Beast         Ice/Summ       #.......     67%         4    N/A

Dungeon Overview and Level Annotations

Branches:
Dungeon (3/15)

Altars:
Ashenzari


Innate Abilities, Weirdness & Mutations

You do not eat or drink.
Your flesh is vulnerable to fire.
You are immune to poison.
Your flesh is cold resistant. (rC+)
You are immune to negative energy. (rN+++)
You are immune to unholy pain and torment.
You can survive without breathing.


Message History

The orc wizard points at you and mumbles some strange words.
The magic dart hits you!
* * * LOW HITPOINT WARNING * * *
Casting: Freeze (safe; 4% risk of failure)
Confirm with . or Enter, or press ? or * to list all spells.
Aiming: Freeze (safe; 4% risk of failure)
Press: ? - help, Shift-Dir - straight line, f/p - orc wizard
Aim: an orc wizard, wielding a dagger and wearing a robe (moderately wounded, You freeze the orc wizard.
The orc wizard is heavily wounded.
The orc wizard closely misses you.
The orc wizard gestures wildly while chanting.
The orc wizard blinks!
Casting: Freeze (safe; 4% risk of failure)
Confirm with . or Enter, or press ? or * to list all spells.
Aiming: Freeze (safe; 4% risk of failure)
Press: ? - help, Shift-Dir - straight line, f/p - orc wizard
Aim: an orc wizard, wielding a dagger and wearing a robe (heavily wounded, You freeze the orc wizard.
The orc wizard is severely wounded.
The orc wizard casts a spell.
The orc wizard blinks!
The orc wizard mumbles some strange words.
The orc wizard blinks!
Really read
c - 2 scrolls labeled MYMU FOTZO {!r}?
As you read the scroll labeled MYMU FOTZO {!r}, it crumbles to dust.
You feel blessed for a moment.
It was a scroll of remove curse {!r}.
The orc wizard gestures wildly while chanting.
The orc wizard blinks!
The orc closely misses you.
Casting: Freeze (safe; 4% risk of failure)
Confirm with . or Enter, or press ? or * to list all spells.
Aiming: Freeze (safe; 4% risk of failure)
Press: ? - help, Shift-Dir - straight line, f - orc, p - orc wizard
Aim: an orc, wielding a hand axe and wearing a ring mail (heavily wounded)
You freeze the orc.
The orc is almost dead.
The orc hits you with a hand axe.
* * * LOW HITPOINT WARNING * * *
Casting: Freeze (safe; 4% risk of failure)
Confirm with . or Enter, or press ? or * to list all spells.
Aiming: Freeze (safe; 4% risk of failure)
Press: ? - help, Shift-Dir - straight line, f/p - orc
Aim: an orc, wielding a hand axe and wearing a ring mail (almost dead)
You freeze the orc.
You kill the orc!
The orc wizard hits you with a dagger.
* * * LOW HITPOINT WARNING * * *
Casting: Freeze (safe; 4% risk of failure)
Confirm with . or Enter, or press ? or * to list all spells.
Aiming: Freeze (safe; 4% risk of failure)
Press: ? - help, Shift-Dir - straight line, f - orc wizard
Aim: an orc wizard, wielding a dagger and wearing a robe (severely wounded, You freeze the orc wizard.
The orc wizard is severely wounded.
The orc wizard hits you with a dagger.
* * * LOW HITPOINT WARNING * * *
Casting: Freeze (safe; 4% risk of failure)
Confirm with . or Enter, or press ? or * to list all spells.
You don't have enough magic to cast that spell.
You hit the orc wizard but do no damage.
The orc wizard is poisoned.
The orc wizard is severely wounded.
The orc wizard hits you with a dagger.
You die...

########## ###
.........# ###.#######
#...#.#####..........
#o).....#.#.########
#.?...#@o...............
#.#.#.######.###.....###
# #o ....#####_##### #o
####.###.....### #.
#........†... +o
#.#.#.#..#### ##
#.#.#.#.#....
#.#.#.#.#.##. # #.#.##.


You could see 2 orc wizards.

Vanquished Creatures
  An adder (D:3)
  2 gnolls (D:2)
  A dart slug (D:1)
  3 orcs (D:3)
  2 bats
  A giant cockroach (D:2)
  A goblin (D:1)
  3 hobgoblins (D:2)
  3 kobolds
17 creatures vanquished.

Notes
Turn   | Place    | Note
-------+----------+-------------------------------------------
     0 | D:1      | Amnesiac the Mummy Ice Elementalist began the quest for the
                  | Orb.
     0 | D:1      | Reached XP level 1. HP: 13/13 MP: 4/4
   152 | D:2      | Reached XP level 2. HP: 19/19 MP: 2/5
   497 | D:2      | Reached XP level 3. HP: 13/24 MP: 7/7
   602 | D:3      | Found a shattered altar of Ashenzari.
   615 | D:3      | Learned a level 3 spell: Ozocubu's Armour
   671 | D:3      | Slain by an orc wizard

Vault maps used:
D:1:      nicolae_arrival_washed_ashore
D:3:      marbit_many_paths, lemuel_crystal_altar, cheibrodos_ashenzari_chains,
          kennysheep_generic_room_4

Skill      XL: |  1  2 |
---------------+-------+-----
Spellcasting   | 3 |  3.4
Ice Magic      | 3 |  3.5
Dodging        | |  1.5
Stealth        | |  1.5
Conjurations   | |  0.7

Action                   || total
-------------------------++-------
Melee: Unarmed           ||     4
       Spear             ||    14
 Cast: Freeze            ||    31
  Use: Scroll            ||     1
 Stab: Sleeping          ||     1
Armor: Robe              ||     3
Dodge: Dodged            ||    24

Table legend:
 A = Non-vault XP
 B = Vault XP
 C = Vault XP percentage of total XP
 D = Non-vault monster count
 E = Vault monster count
 F = Vault count percentage of total count
                 A         B        C        D         E       F
            +---------+---------+-------+---------+---------+-------
      Total |      73 |       0 |   0.0 |      17 |       0 |   0.0
            +---------+---------+-------+---------+---------+-------
        D:1 |      12 |       0 |   0.0 |       5 |       0 |   0.0
        D:2 |      38 |       0 |   0.0 |       8 |       0 |   0.0
        D:3 |      23 |       0 |   0.0 |       4 |       0 |   0.0
            +---------+---------+-------+---------+---------+-------
